 Dungeon Crawl Stone Soup version 0.26.0-45-g9c1d065592 (webtiles) character file.

Game seed: 288383450164245438

140 kaeus the Chopper (level 5, -4/47 HPs)
             Began as a Hill Orc Monk on Jan 27, 2021.
             Slain by a gnoll
             ... wielding a +0 spear
              (5 damage)
             ... on level 3 of the Dungeon.
             The game lasted 00:01:39 (2143 turns).

kaeus the Chopper (Hill Orc Monk)                   Turns: 2143, Time: 00:01:39

Health: -4/47      AC:  5    Str: 15    XL:     5   Next: 23%
Magic:  5/5        EV: 11    Int: 10    God:
Gold:   91         SH:  6    Dex: 13    Spells: 4/4 levels left

rFire    . . .     SeeInvis .   a - +0 hand axe
rCold    . . .     Faith    .   d - +2 buckler
rNeg     . . .     Spirit   .   f - +0 ring mail
rPois    .         Reflect  .   (no helmet)
rElec    .         Harm     .   (no cloak)
rCorr    .         Rampage  .   (no gloves)
Will     .....                  (no boots)
Stlth    +.........             (no amulet)
HPRegen  0.15/turn              (no ring)
MPRegen  0.09/turn              (no ring)

@: no status effects
A: no striking features
a: no special abilities


You were on level 3 of the Dungeon.
You visited 1 branch of the dungeon, and saw 3 of its levels.

You collected 91 gold pieces.

Inventory:

Hand Weapons
 a - a +0 hand axe (weapon)
Armour
 d - a +2 buckler (worn)
 f - a +0 ring mail (worn)
Scrolls
 c - 3 scrolls of fear {unknown}
 e - a scroll of enchant armour {unknown}
 g - a scroll of remove curse {unknown}
Potions
 b - a potion of magic {unknown}
 h - a potion of mutation {unknown}


   Skills:
 + Level 4.5 Fighting
 + Level 4.9 Axes
 * Level 3.1 Armour
 - Level 2.4 Dodging
 - Level 1.5 Stealth
 + Level 2.0 Shields


You had 4 spell levels left.
You didn't know any spells.
Your spell library was empty.

Dungeon Overview and Level Annotations

Branches:
Dungeon (3/15)

Altars:


Message History

The gnoll hits you from afar with a +0 spear.
* * * LOW HITPOINT WARNING * * *
You take 3 damage, and have 12/47 hp.
You hit the orc wizard.
The orc wizard is moderately wounded.
The orc wizard closely misses you.
The orc wizard gestures at you while chanting.
The puff of flame hits you.
* * * LOW HITPOINT WARNING * * *
The gnoll hits you from afar with a +0 spear.
* * * LOW HITPOINT WARNING * * *
The gnoll hits you from afar with a +0 spear.
* * * LOW HITPOINT WARNING * * *
You take 11 damage, and have 1/47 hp.
MASSIVE DAMAGE!!
You barely miss the orc wizard.
The orc wizard is moderately wounded.
The orc wizard mumbles some strange words.
The orc wizard blinks!
The orc wizard closely misses you.
The gnoll hits you from afar with a +0 spear.
You die...

.........#
#........#
#....)...#
#.......o#
#..?......
#ยง.......#
#gg......#
#o########
#@# #.#
#.#.# #.#.#
#.#.# #.#.#
#.#.# #.#.#
######.#.#


You could see an orc wizard (fast) and 2 gnolls.

Vanquished Creatures
  Jessica (D:2)
  4 gnolls
  3 adders (D:2)
  2 dart slugs
  A leopard gecko (D:2)
  An orc (D:3)
  9 bats
  2 giant cockroaches (D:1)
  2 goblins
  5 hobgoblins
  3 jackals (D:1)
  5 kobolds
  3 frilled lizards
  5 rats
46 creatures vanquished.

Notes
Turn   | Place    | Note
-------+----------+-------------------------------------------
     0 | D:1      | kaeus the Hill Orc Monk began the quest for the Orb.
     0 | D:1      | Reached XP level 1. HP: 19/19 MP: 1/1
   175 | D:1      | Reached skill level 1 in Armour
   175 | D:1      | Reached XP level 2. HP: 19/27 MP: 2/2
   467 | D:1      | You fall into a shaft and drop 1 floor!
   526 | D:2      | Reached skill level 1 in Shields
   526 | D:2      | Reached XP level 3. HP: 18/33 MP: 3/3
  1232 | D:2      | Noticed Jessica
  1244 | D:2      | Killed Jessica
  1245 | D:2      | Reached XP level 4. HP: 38/40 MP: 4/4
  1295 | D:2      | Reached XP level 5. HP: 14/47 MP: 5/5
  2142 | D:3      | HP: 2/47 [gnoll/+0 spear (5)]
  2143 | D:3      | Slain by a gnoll

Illustrated notes

Levels and vault maps discovered:
D:1:      evilmike_arrival_crescent, layout_loops_ring, minmay_misc_feat_encased
D:2:      layout_rooms, uniq_jessica
D:3:      layout_basic, grunt_decor_arrowhead, chequers_hall_statues_y,
          uniq_natasha, uniq_robin, uniq_sigmund

Skill      XL: |  1  2  3  4  5 |
---------------+----------------+-----
Armour         | 1 2 3 |  3.1
Fighting       | 4 |  4.5
Shields        | 1 2 |  2.0
Axes           | |  4.9
Dodging        | |  2.4
Stealth        | |  1.5

Action                   |  1- 3 |  4- 6 || total
-------------------------+-------+-------++-------
Melee: Hand axe          |   101 |    75 ||   176
Armor: Robe              |     8 |       ||     8
       Ring mail         |    12 |    38 ||    50
Dodge: Dodged            |    46 |    72 ||   118
Block: Buckler           |    30 |    32 ||    62
